 Dungeon Crawl Stone Soup version 0.21.0-3-g78d12a8 (webtiles) character file.

15003 inmateoo the Thaumaturge (level 11, -7/67 HPs)
             Began as a Deep Elf Fire Elementalist on Jan 13, 2018.
             Was a High Priest of Vehumet.
             Hit by a large rock thrown by a stone giant (41 damage)
             ... on level 1 of the Orcish Mines.
             The game lasted 00:31:21 (12337 turns).

inmateoo the Thaumaturge (DEFE)                    Turns: 12337, Time: 00:31:22

Health: -7/67      AC: 10    Str:  5    XL:     11   Next: 96%
Magic:  37/38      EV: 14    Int: 22    God:    Vehumet [*****.]
Gold:   495        SH:  6    Dex: 15    Spells: 15/34 levels left

rFire    + . .     SeeInvis .   e - +4 short sword (elec)
rCold    + . .     Gourm    .   x - +1 buckler of the Desolation of Salt {rN+ MP+9}
rNeg     + . .     Faith    .   T - +1 leather armour "Oxtyj" {+Fly rF+ MR+ Int-2}
rPois    +         Spirit   .   s - +0 helmet
rElec    .         Reflect  .   I - +0 cloak
rCorr    +         Harm     .   u - +1 pair of gloves
MR       ++...                  n - +0 pair of boots
Stlth    +++.......             (no amulet)
HPRegen  0.21/turn              E - ring "Osapp" {rCorr rPois}
MPRegen  0.26/turn              q - ring of protection from cold

@: no status effects
A: no striking features
a: Renounce Religion, Evoke Flight


You were on level 1 of the Orcish Mines.
You worshipped Vehumet.
Vehumet was extremely pleased with you.
You were very hungry.

You visited 2 branches of the dungeon, and saw 13 of its levels.
You also visited: Sewer.

You collected 968 gold pieces.
You spent 473 gold pieces at shops.

Inventory:

Hand Weapons
 e - a +4 short sword of electrocution (weapon)
Armour
 n - a +0 pair of boots (worn)
 s - a +0 helmet (worn)
 u - a +1 pair of gloves (worn)
 w - a +3 leather armour
 x - the +1 buckler of the Desolation of Salt (worn) {rN+ MP+9}
   (You acquired it in a sewer)

   It protects you from negative energy.
   It affects your magic capacity (+9).
 I - a +0 cloak (worn)
 T - the +1 leather armour "Oxtyj" (worn) {+Fly rF+ MR+ Int-2}
   (You bought it in a shop on level 12 of the Dungeon)

   It affects your intelligence (-2).
   It protects you from fire.
   It affects your resistance to hostile enchantments.
   It lets you fly.
Magical Staves
 G - an uncursed staff of cold
Jewellery
 q - a ring of protection from cold (right hand)
 E - the ring "Osapp" (left hand) {rCorr rPois}
   (You bought it in a shop on level 8 of the Dungeon)

   [ring of resist corrosion]

   It protects you from poison.
Wands
 a - a wand of random effects (28)
 o - a wand of disintegration (13)
 D - a wand of acid (10)
 F - a wand of flame (8)
 J - a wand of polymorph (20)
 P - a wand of enslavement (10)
Scrolls
 f - a scroll of blinking
 l - 5 scrolls of remove curse
 m - 9 scrolls of teleportation
 r - 3 scrolls of magic mapping
 y - 2 scrolls of fog
 A - a scroll of enchant armour
 B - 3 scrolls of identify
 K - a scroll of amnesia
 Q - a scroll of brand weapon {unknown}
 R - a scroll of torment {unknown}
 S - a scroll of vulnerability {unknown}
 U - a scroll of random uselessness {unknown}
Potions
 d - a potion of brilliance
 g - 5 potions of agility
 h - 6 potions of flight
 i - 6 potions of might
 j - a potion of ambrosia
 k - a potion of invisibility
 t - 4 potions of heal wounds
 v - 9 potions of curing
 z - a potion of mutation
 C - 3 potions of lignification
 O - a potion of resistance
Books
 b - a book of Flames

   Spells                             Type                      Level
   a - Flame Tongue                   Conjuration/Fire             1
   b - Throw Flame                    Conjuration/Fire             2
   c - Conjure Flame                  Conjuration/Fire             3
   d - Inner Flame                    Hexes/Fire                   3
   e - Sticky Flame                   Conjuration/Fire             4
   f - Fireball                       Conjuration/Fire             5
 H - a book of Cantrips

   Spells                             Type                      Level
   a - Confusing Touch                Hexes                        1
   b - Animate Skeleton               Necromancy                   1
   c - Summon Small Mammal            Summoning                    1
   d - Apportation                    Translocation                1
 L - a book of Frost

   Spells                             Type                      Level
   a - Freeze                         Ice                          1
   b - Throw Frost                    Conjuration/Ice              2
   c - Ozocubu's Armour               Charms/Ice                   3
   d - Throw Icicle                   Conjuration/Ice              4
   e - Summon Ice Beast               Ice/Summoning                4
 N - a book of Air

   Spells                             Type                      Level
   a - Shock                          Conjuration/Air              1
   b - Swiftness                      Charms/Air                   2
   c - Static Discharge               Conjuration/Air              3
   d - Airstrike                      Air                          4
   e - Lightning Bolt                 Conjuration/Air              5
 W - a book of Callings

   Spells                             Type                      Level
   a - Summon Small Mammal            Summoning                    1
   b - Call Imp                       Summoning                    2
   c - Call Canine Familiar           Summoning                    3
   d - Summon Guardian Golem          Hexes/Summoning              3
   e - Summon Lightning Spire         Summoning/Air                4
   f - Summon Ice Beast               Ice/Summoning                4
Miscellaneous
 p - a sack of spiders
 M - a lamp of fire
 X - a crystal ball of energy
Comestibles
 c - 18 rations


   Skills:
 - Level 7.0 Fighting
 - Level 4.0 Armour
 - Level 5.0 Dodging
 - Level 5.0 Stealth
 - Level 4.0 Shields
 - Level 12.0 Spellcasting
 - Level 8.0 Conjurations
 + Level 11.5 Fire Magic


You had 15 spell levels left.
You knew the following spells:

 Your Spells              Type           Power        Failure   Level  Hunger
a - Flame Tongue          Conj/Fire      #####        1%          1    None
b - Throw Flame           Conj/Fire      ######       1%          2    None
c - Conjure Flame         Conj/Fire      ######..     1%          3    None
d - Sticky Flame          Conj/Fire      ######..     1%          4    None
e - Fireball              Conj/Fire      ######....   1%          5    ####...
f - Ignite Poison         Fire/Tmut/Pois ####....     1%          3    None
g - Apportation           Tloc           ##....       8%          1    None


Dungeon Overview and Level Annotations

Branches:
Dungeon (12/15)            Temple (0/1) D:7            Lair (0/6) D:9
    Orc (1/2) D:12

Altars:
Ashenzari
Cheibriados
Dithmenos
Elyvilon
Gozag
Hepliaklqana
Makhleb
Nemelex Xobeh
Okawaru
Qazlal
Uskayaw
Vehumet
Wu Jian
Xom

Shops:
D:8 *   D:11 (   D:12 *%*(


Message History

An ogre is nearby!
An ogre is nearby!
Casting: Flame Tongue
Confirm with . or Enter, or press ? or * to list all spells.
Aiming: Fireball
Press: ? - help, Shift-Dir - straight line The fireball explodes!
The fireball engulfs the ogre.
You kill the ogre!
Vehumet accepts your kill.
You feel your power returning.
You now have 495 gold pieces (gained 19).
Found a stone staircase leading down.
A stone giant comes into view.
The stone giant shouts!
You hear a shout!
The stone giant throws a large rock.
The large rock hits you!!
An orc warrior comes into view. It is wielding a short sword.
You see here a large rock.
The stone giant throws a large rock.
The large rock hits you!!!
Ouch! That really hurt!
You die...

...###.##.#.
....#........##
...#.......... ##
..>...........# .##
........#.....# ..#
...........#.###.###
..............#....##
.#..................##
#.....#.@##..........##
.......(.##.###.#.....#.
#.#.)...##... ##<.......
#...........# #........
#............ .........
...........#.....#......
....#.....###..........$
o.C........ ##.#........
#.#......... ..... .....


You could see a stone giant.

Vanquished Creatures
  A hydra (D:12)
  4 two-headed ogres
  The ghost of BonjourVileCrotch the Grappler, a novice TrWr of Cheibriados (D:8)
  2 unseen horrors
  A troll (D:10)
  A hornet (D:7)
  4 hippogriffs
  A wraith (D:12)
  Eustachio (D:4)
  3 yaks (D:10)
  4 vampire mosquitoes
  A steam dragon (D:8)
  A hungry ghost (D:7)
  3 wargs (D:12)
  Duvessa (D:5)
  2 water moccasins
  2 ice beasts
  A sky beast (D:10)
  2 phantoms
  9 orc warriors
  12 centaurs
  8 ogres
  A crocodile (D:10)
  3 big kobolds
  8 bullfrogs
  A gnoll sergeant (D:7)
  Dowan (D:5)
  3 scorpions
  7 wights
  A howler monkey (D:11)
  A bullfrog zombie (D:7)
  6 crimson imps
  21 orc priests
  5 hounds
  16 orc wizards
  4 centaur skeletons
  2 bullfrog skeletons
  4 iguanas
  15 worker ants
  2 hound skeletons
  A howler monkey zombie (D:5)
  2 worker ant zombies (D:7)
  5 gnolls (D:7)
  11 adders
  A shadow imp (D:7)
  2 oozes
  An adder skeleton (D:4)
  2 adder zombies (D:6)
  A worm (D:6)
  2 dart slugs
  3 leopard geckos
  39 orcs
  6 giant cockroaches
  8 goblins
  7 hobgoblins
  11 jackals
  3 quokkas
  3 ball pythons
  11 bats
  4 frilled lizards
  24 kobolds
  29 rats
342 creatures vanquished.

Vanquished Creatures (others)
  12 plants (D:9)
12 creatures vanquished.

Grand Total: 354 creatures vanquished

Notes
Turn   | Place    | Note
-------+----------+-------------------------------------------
     0 | D:1      | inmateoo the Deep Elf Fire Elementalist began the quest for the Orb.
     0 | D:1      | Reached XP level 1. HP: 10/10 MP: 6/6
    79 | D:1      | Reached XP level 2. HP: 16/16 MP: 2/8
   137 | D:1      | Learned a level 2 spell: Throw Flame
   771 | D:1      | Reached XP level 3. HP: 17/20 MP: 4/9
  1014 | D:1      | Learned a level 3 spell: Conjure Flame
  1561 | D:2      | Reached XP level 4. HP: 24/24 MP: 9/11
  1731 | D:2      | Found a stormy altar of Qazlal.
  1732 | D:2      | Found a sparkling altar of Nemelex Xobeh.
  1738 | D:2      | Found a shadowy altar of Dithmenos.
  1742 | D:2      | Found a radiant altar of Vehumet.
  1748 | D:2      | Became a worshipper of Vehumet
  2079 | D:3      | Reached skill level 1 in Fighting
  2094 | D:3      | Reached * piety under Vehumet
  2094 | D:3      | Offered knowledge of Shock by Vehumet.
  2240 | D:3      | Learned a level 4 spell: Sticky Flame
  2327 | D:3      | Reached XP level 5. HP: 25/29 MP: 12/12
  2347 | D:3      | You fall through a shaft!
  2347 | D:4      | Found a white marble altar of Elyvilon.
  2425 | D:4      | Found a hazy altar of Hepliaklqana.
  2735 | D:4      | Reached skill level 4 in Spellcasting
  2770 | D:4      | Noticed a phantom
  3067 | D:4      | Noticed an ogre
  3074 | D:4      | Killed an ogre
  3074 | D:4      | Reached XP level 6. HP: 34/34 MP: 4/14
  3081 | D:4      | Reached skill level 5 in Fire Magic
  3326 | D:4      | Noticed Eustachio
  3415 | D:4      | Killed Eustachio
  3415 | D:4      | Reached XP level 7. HP: 5/39 MP: 7/16
  4039 | D:5      | Entered Level 5 of the Dungeon
  4049 | D:5      | Noticed Duvessa
  4056 | D:5      | Noticed Dowan
  4060 | D:5      | Killed Duvessa
  4069 | D:5      | Killed Dowan
  4069 | D:5      | Reached skill level 5 in Spellcasting
  4490 | D:5      | Reached skill level 5 in Stealth
  4969 | D:5      | Reached skill level 5 in Dodging
  4969 | D:5      | Reached XP level 8. HP: 41/45 MP: 13/18
  4976 | D:5      | Learned a level 5 spell: Fireball
  5094 | D:6      | Reached ** piety under Vehumet
  5101 | D:6      | Offered knowledge of Freeze by Vehumet.
  5285 | D:6      | Reached skill level 1 in Armour
  5285 | D:6      | Reached skill level 6 in Spellcasting
  5354 | D:6      | Found a glowing drain.
  5370 | Sewer    | Entered a sewer
  5638 | Sewer    | Offered knowledge of Ignite Poison by Vehumet.
  5682 | Sewer    | Learned a level 3 spell: Ignite Poison
  5736 | Sewer    | Identified a scroll of acquirement
  5737 | Sewer    | Got a transparent buckler
  5743 | Sewer    | Identified the +1 buckler of the Desolation of Salt {rN+ MP+9} (You acquired it in a sewer)
  5901 | D:6      | Reached *** piety under Vehumet
  5961 | D:6      | Found a snail-covered altar of Cheibriados.
  6001 | D:6      | Reached skill level 1 in Shields
  6001 | D:6      | Reached skill level 5 in Conjurations
  6001 | D:6      | Reached XP level 9. HP: 51/51 MP: 20/20
  6115 | D:6      | Found an opulent altar of Gozag.
  6128 | D:6      | Found an ornate altar of the Wu Jian Council.
  6128 | D:6      | Found a burning altar of Makhleb.
  6148 | D:6      | Found an iron altar of Okawaru.
  6151 | D:6      | Found a shimmering altar of Xom.
  6360 | D:7      | Offered knowledge of Olgreb's Toxic Radiance by Vehumet.
  6534 | D:7      | Reached skill level 7 in Spellcasting
  6813 | D:7      | Reached skill level 8 in Spellcasting
  6876 | D:7      | Found a staircase to the Ecumenical Temple.
  7037 | D:7      | Found a shattered altar of Ashenzari.
  7043 | D:7      | Reached **** piety under Vehumet
  7043 | D:7      | Reached skill level 9 in Spellcasting
  7494 | D:8      | Found Saniegay's General Store.
  7503 | D:8      | Noticed BonjourVileCrotch's ghost (novice TrWr)
  7528 | D:8      | Killed BonjourVileCrotch's ghost
  7528 | D:8      | Offered knowledge of Throw Icicle by Vehumet.
  7528 | D:8      | Reached XP level 10. HP: 58/58 MP: 15/25
  7607 | D:8      | Bought the ring "Osapp" {rCorr rPois} for 312 gold pieces
  7876 | D:8      | Noticed a two-headed ogre
  7890 | D:8      | Killed a two-headed ogre
  8277 | D:8      | Reached skill level 5 in Fighting
  8284 | D:8      | Reached skill level 10 in Spellcasting
  8403 | D:8      | Noticed a two-headed ogre
  8416 | D:8      | Killed a two-headed ogre
  8799 | D:9      | Reached ***** piety under Vehumet
  8928 | D:9      | Found a staircase to the Lair.
  8954 | D:9      | Noticed a hand axe
  8955 | D:9      | Noticed a hand axe
  8958 | D:9      | Found a hide-covered altar of Uskayaw.
  9025 | D:9      | Offered knowledge of Poison Arrow by Vehumet.
  9055 | D:9      | Learned a level 1 spell: Apportation
  9326 | D:10     | Entered Level 10 of the Dungeon
  9447 | D:10     | Reached XP level 11. HP: 48/64 MP: 27/27
 10033 | D:10     | Noticed an unseen horror
 10034 | D:10     | Killed an unseen horror
 10161 | D:10     | Reached skill level 11 in Spellcasting
 10647 | D:10     | Reached skill level 10 in Fire Magic
 11017 | D:11     | Found Kadeos's Weapon Boutique.
 11119 | D:11     | Noticed an unseen horror
 11125 | D:11     | Killed an unseen horror
 11210 | D:11     | Noticed a two-headed ogre
 11222 | D:11     | Killed a two-headed ogre
 11308 | D:11     | Noticed a two-headed ogre
 11312 | D:11     | Killed a two-headed ogre
 11312 | D:11     | Reached skill level 12 in Spellcasting
 11625 | D:12     | Found a staircase to the Orcish Mines.
 11774 | D:12     | Found Kiug's Food Boutique.
 11774 | D:12     | Found Necuar's Assorted Antiques.
 11783 | D:12     | Bought a smoking leather armour for 161 gold pieces
 11793 | D:12     | Identified the +1 leather armour "Oxtyj" {+Fly rF+ MR+ Int-2} (You bought it in a shop on level 12 of the Dungeon)
 12002 | D:12     | Noticed a six-headed hydra
 12006 | D:12     | Killed a six-headed hydra
 12050 | D:12     | Found Puxeb's General Store.
 12067 | D:12     | Found Biequr Kaig's Weapon Shoppe.
 12238 | D:12     | Offered knowledge of Spellforged Servitor by Vehumet.
 12323 | Orc:1    | Entered Level 1 of the Orcish Mines
 12336 | Orc:1    | Noticed a stone giant
 12337 | Orc:1    | Hit by a large rock thrown by a stone giant

Skill      XL: |  1  2  3  4  5  6  7  8  9 10 11 |
---------------+----------------------------------+-----
Stealth        | 3 4 5 |  5.0
Fire Magic     | 4 5 6 7 8 9 11 | 11.5
Conjurations   | 2 3 4 5 7 8 |  8.0
Dodging        | 3 4 5 |  5.0
Fighting       | 1 2 3 4 5 7 |  7.0
Spellcasting   | 4 5 6 9 10 12 | 12.0
Armour         | 2 4 |  4.0
Shields        | 1 4 |  4.0

Action                   |  1- 3 |  4- 6 |  7- 9 | 10-12 || total
-------------------------+-------+-------+-------+-------++-------
Melee: Short sword       |     9 |    77 |   228 |    91 ||   405
 Cast: Flame Tongue      |    66 |    15 |   137 |   130 ||   348
       Throw Flame       |     4 |     9 |    16 |    27 ||    56
       Sticky Flame      |       |     3 |    12 |    22 ||    37
       Conjure Flame     |       |       |    10 |     7 ||    17
       Fireball          |       |       |     8 |    70 ||    78
  Use: Scroll            |     5 |     6 |    10 |     3 ||    24
       Potion            |       |       |     1 |       ||     1
 Stab: Sleeping          |       |     5 |     8 |     6 ||    19
       Distracted        |       |       |     1 |       ||     1
  Eat: Chunk             |     1 |     7 |    10 |    24 ||    42
       Ration            |       |       |     2 |       ||     2
Armor: Robe              |    16 |    17 |       |       ||    33
       Leather armour    |       |       |    75 |    56 ||   131
Dodge: Dodged            |    27 |    69 |   167 |    70 ||   333
Block: Buckler           |       |       |    28 |    28 ||    56
